Map: Ruins of Endion

Players

Miszu - Winner!

  • Race: Terran Terran
  • League: Master

Tymli

  • Race: Protoss Protoss
  • League: Master

VOD

Have the link to the VOD?

Description

Time

  • Played on: April 7, 2016, 4:14 p.m.
  • Length: 9:28
Show
View Real Time Build Order
Export as new Build Order

Miszu Terran - Winner!

Build Orders: 1/1/1, Liberator Opening, MMM Bio 

Get SALT Encoding   

  12  0:00  SCV  
  13  0:12  SCV  
  14  0:17  Supply Depot  
  14  0:24  SCV  
  15  0:39  SCV  
  15  0:40  Barracks  
  16  0:43  Refinery  
  16  0:52  SCV  
  16  0:56  Refinery  
  17  1:04  SCV  
  18  1:16  SCV  
  19  1:28  Orbital Command  
  19  1:29  Marine  
  20  1:33  Factory  
  20  1:41  Supply Depot  
  20  1:47  Marine  
  20  1:54  SCV  
  22  2:05  Marine  
  22  2:06  SCV  
  24  2:16  Hellion  
  24  2:17  Supply Depot  
  26  2:23  Starport  
  26  2:26  Marine  
  26  2:29  SCV  
  28  2:43  Hellion  
  28  2:44  Marine, SCV  
  32  2:52  Supply Depot  
  32  2:57  SCV  
  33  3:00  Medivac  
  33  3:01  Marine  
  36  3:08  Hellion  
  38  3:15  Supply Depot  
  38  3:19  SCV  
  39  3:21  Liberator  
  39  3:25  Barracks Reactor  
  39  3:31  SCV  
  40  3:37  Factory Tech Lab  
  43  3:45  SCV  
  43  3:55  Command Center  
  42  4:24  SCV  
  42  4:25  Marine x2, Siege Tank  
  42  4:36  Barracks, SCV  
  42  4:37  Barracks  
  43  4:48  SCV  
  44  4:54  Marine x2  
  44  4:55  Starport Reactor  
  44  4:58  Siege Tank  
  49  5:02  SCV  
  50  5:12  Marine x2  
  50  5:25  Barracks Tech Lab  
  50  5:26  Barracks Tech Lab, SCV  
  50  5:31  Marine x2  
  50  5:33  Orbital Command  
  51  5:38  SCV  
  52  5:45  Marine x2  
  52  5:47  Stimpack, Combat Shields  
  52  5:49  Marine x2  
  56  5:50  Refinery, SCV  
  56  5:51  Supply Depot  
  57  5:58  Engineering Bay  
  57  6:00  SCV  
  57  6:02  SCV  
  57  6:03  Marine  
  60  6:12  Marine x2, SCV  
  60  6:14  SCV  
  60  6:18  Supply Depot, Medivac  
  64  6:24  Medivac, Marauder, SCV  
  71  6:26  Terran Infantry Weapons Level 1, SCV  
  72  6:33  Marine x2, Marauder  
  72  6:36  SCV  
  72  6:39  Liberator  
  77  6:40  SCV  
  77  6:41  Supply Depot  
  77  6:42  Refinery  
  78  6:49  Barracks  
  78  6:50  Barracks, Liberator  
  78  6:54  SCV  
  82  7:06  SCV x2  
  82  7:07  Marine  
  88  7:13  Supply Depot  
  88  7:19  Supply Depot  
  88  7:20  Marauder  
  90  7:29  Marauder  
  91  7:36  Marine x2, SCV, Liberator x2  
  93  7:41  Barracks Reactor, Marine, Barracks Tech Lab  
  94  7:50  Marauder  
  96  7:54  Marine  
  103  8:01  Marine  
  103  8:03  Marine x2  
  106  8:07  Supply Depot x2  
  106  8:11  Marine  
  107  8:19  Liberator  
  106  8:29  Marine  
  106  8:31  Marine, Marauder  
  106  8:32  Marine, Marauder  
  106  8:38  Marine  
  106  8:39  Marauder  
  106  8:40  Hellion  
  112  8:47  Marine  
  113  8:48  Marine  
  113  8:49  Marine  
  113  8:52  Marine  
  113  8:53  Marine  
  117  8:56  Marine  
  117  9:00  Marine  
  119  9:05  Marine  
  119  9:06  Marine  
  119  9:07  Marine  
  108  9:12  Command Center  
Show
View Real Time Build Order
Export as new Build Order

Tymli Protoss 

Build Orders: 1 Gate Expand 

Get SALT Encoding   

  12  0:01  Probe (Chrono Boost)  
  13  0:11  Probe (Chrono Boost)  
  14  0:19  Pylon  
  14  0:22  Probe (Chrono Boost)  
  15  0:37  Probe (Chrono Boost)  
  15  0:38  Gateway  
  16  0:48  Probe (Chrono Boost)  
  16  0:49  Assimilator  
  17  0:58  Probe (Chrono Boost)  
  18  1:09  Probe (Chrono Boost)  
  19  1:22  Nexus  
  19  1:33  Cybernetics Core  
  19  1:36  Probe (Chrono Boost)  
  20  1:47  Probe (Chrono Boost)  
  20  1:48  Pylon  
  20  1:54  Assimilator  
  21  1:57  Probe (Chrono Boost)  
  22  2:10  Mothership Core (Chrono Boost)  
  22  2:11  Stalker  
  26  2:23  Warp Gate  
  26  2:28  Probe (Chrono Boost)  
  27  2:36  Probe (Chrono Boost)  
  28  2:39  Probe (Chrono Boost)  
  28  2:41  Stalker  
  31  2:47  Probe (Chrono Boost)  
  31  2:49  Probe (Chrono Boost)  
  33  2:54  Robotics Facility  
  33  2:57  Probe (Chrono Boost)  
  34  3:00  Probe (Chrono Boost)  
  35  3:08  Probe (Chrono Boost)  
  35  3:10  Probe (Chrono Boost)  
  37  3:20  Gateway  
  37  3:22  Gateway  
  37  3:31  Probe (Chrono Boost)  
  37  3:33  Pylon  
  38  3:36  Probe (Chrono Boost)  
  39  3:45  Probe (Chrono Boost)  
  39  3:47  Probe (Chrono Boost)  
  41  3:54  Pylon  
  41  3:57  Pylon  
  41  3:59  Pylon  
  36  4:17  Pylon  
  36  4:20  Pylon  
  33  4:28  Probe x2 (Chrono Boost)  
  31  4:34  Stalker x2  
  31  4:38  Stalker  
  37  4:39  Probe (Chrono Boost)  
  37  4:42  Probe (Chrono Boost)  
  39  4:49  Probe (Chrono Boost)  
  39  4:51  Observer  
  41  4:53  Probe (Chrono Boost)  
  41  4:59  Pylon  
  42  5:00  Probe (Chrono Boost)  
  42  5:04  Probe (Chrono Boost)  
  42  5:06  Sentry  
  46  5:07  Sentry  
  46  5:10  Probe (Chrono Boost)  
  46  5:13  Observer  
  50  5:14  Probe (Chrono Boost)  
  51  5:28  Stalker  
  50  5:43  Probe (Chrono Boost)  
  50  5:44  Probe (Chrono Boost)  
  52  5:54  Probe x2 (Chrono Boost)  
  54  5:59  Pylon  
  54  6:04  Probe (Chrono Boost)  
  54  6:05  Probe (Chrono Boost)  
  54  6:08  Immortal  
  60  6:15  Probe (Chrono Boost)  
  60  6:18  Twilight Council  
  61  6:19  Forge  
  61  6:20  Probe (Chrono Boost)  
  61  6:22  Pylon  
  62  6:26  Probe (Chrono Boost)  
  62  6:30  Probe (Chrono Boost)  
  64  6:37  Probe (Chrono Boost)  
  65  6:41  Probe (Chrono Boost)  
  65  6:42  Robotics Bay  
  65  6:43  Assimilator  
  65  6:44  Immortal, Assimilator  
  66  6:47  Probe (Chrono Boost)  
  66  6:51  Protoss Ground Weapons Level 1 (Chrono Boost), Probe (Chrono Boost)  
  66  6:54  Resonating Glaives  
  72  7:01  Adept x2  
  76  7:03  Adept  
  78  7:16  Probe  
  78  7:20  Pylon  
  78  7:21  Pylon  
  79  7:26  Disruptor  
  76  7:44  Stalker x2  
  80  7:55  Pylon  
  80  7:59  Gateway  
  80  8:01  Adept  
  80  8:03  Disruptor  
  80  8:04  Gateway  
  80  8:05  Gateway  
  81  8:22  Stalker x2  
  81  8:23  Zealot  
  79  8:35  Immortal  
  77  8:43  Probe x2  
  76  8:57  Stalker x3  
Tags
 
Add a new tag
Caveats
  • Supply blocks, unpowered buildings, or Contaminate may cause inaccurate times.
  • Supply counts are checked every 10 seconds.